 Dungeon Crawl Stone Soup version 0.29.1-2-gbd0b4ee654 (webtiles) character file.

Game seed: 8826367574552112523

1870 snek11 the Covered (level 8, -18/70 HPs)
             Began as a Minotaur Fighter on Nov 10, 2022.
             Was an Initiate of Okawaru.
             Demolished by an ogre
             ... wielding a +0 giant club
              (23 damage)
             ... on level 7 of the Dungeon on Nov 11, 2022.
             The game lasted 00:49:50 (9369 turns).

snek11 the Covered (Minotaur Fighter)               Turns: 9369, Time: 00:49:50

Health: -18/70     AC:  5    Str: 22    XL:     8   Next: 90%
Magic:  7/7        EV: 14    Int:  5    God:    Okawaru [......]
Gold:   372        SH:  9    Dex: 11    Spells: 7/7 levels left

rFire   . . .      SeeInvis .   o - +4 quarterstaff (chaos)
rCold   . . .      Faith    .   (shield currently unavailable)
rNeg    . . .      Spirit   .   s - +0 scale mail
rPois   +          Reflect  +   F - +0 hat {Stlth+}
rElec   .          Harm     .   (no cloak)
rCorr   .          Rampage  .   (no gloves)
Will    +....      Clarity  +   (no boots)
Stlth   +.........              m - amulet of reflection
HPRegen 0.21/turn               r - +4 ring of evasion
MPRegen 0.10/turn               n - ring of poison resistance

@: lethally poisoned (-18 -> -22), slowed, very slow
A: horns 2, retaliatory headbutt, large bone plates 1, clarity, deformed body,
strong-willed 1
a: Renounce Religion


You were on level 7 of the Dungeon.
You worshipped Okawaru.
Okawaru was noncommittal.
You visited 2 branches of the dungeon, and saw 8 of its levels.

You collected 372 gold pieces.

Inventory:

Hand Weapons
 a - a +0 war axe
 o - a +4 quarterstaff of chaos (weapon)
 q - a +0 hammer
 x - a +0 whip of freezing
 y - a +0 scythe
 N - a +4 flail
Missiles
 w - 4 poisoned darts (quivered)
 E - 2 throwing nets
Armour
 b - a +0 scale mail
 c - a +0 buckler
 p - a +0 cloak
 s - a +0 scale mail (worn)
 z - a scarf of shadows
 F - a +0 hat of stealth (worn)
 I - an orb of energy
Magical Staves
 C - a staff of air
Jewellery
 e - a ring of flight
 k - an amulet of magic regeneration
 m - an amulet of reflection (around neck)
 n - a ring of poison resistance (right hand)
 r - a +4 ring of evasion (left hand)
Wands
 t - a wand of digging (6)
 G - a wand of charming (5)
Scrolls
 h - a scroll of fog
 i - 3 scrolls of identify
 j - 3 scrolls of poison
 A - a scroll of torment
 B - a scroll of teleportation {unknown}
 D - a scroll of enchant weapon {unknown}
 H - 2 scrolls of enchant armour {unknown}
 L - a scroll of fear {unknown}
 M - a scroll of acquirement {unknown}
Potions
 d - 2 potions of might
 f - 2 potions of attraction
 g - a potion of degeneration
 l - 2 potions of brilliance
 u - 2 potions of magic
 v - a potion of cancellation
 J - 3 potions of lignification {unknown}
 K - a potion of haste {unknown}


   Skills:
 + Level 6.1 Fighting
 - Level 3.5(5.2) Axes
 * Level 6.0(7.8) Polearms
 + Level 6.8(7.8) Staves
 + Level 0.1 Throwing
 + Level 7.6 Armour
 + Level 2.2 Dodging
 + Level 1.2 Stealth
 + Level 5.2 Shields


You had 7 spell levels left.
You didn't know any spells.
Your spell library contained the following spells:

 Spells                   Type           Power      Damage    Failure   Level
 Apportation              Tloc           0%         N/A       77%         1
 Magic Dart               Conj           0%         1d3       77%         1
 Necrotise                Necr           0%         1d4       77%         1
 Sting                    Tmut/Pois      0%         1d3       77%         1
 Ensorcelled Hibernation  Hex/Ice        0%         N/A       88%         2
 Passwall                 Tmut/Erth      0%         N/A       88%         2
 Poisonous Vapours        Pois/Air       0%         N/A       88%         2
 Mephitic Cloud           Conj/Pois/Air  0%         N/A       98%         3
 Swiftness                Air            0%         N/A       98%         3
 Corpse Rot               Necr/Pois/Air  0%         N/A       100%        4
 Dispel Undead            Necr           0%         3d6       100%        4
 Fulminant Prism          Conj/Hex       0%         3d6       100%        4
 Iskenderun's Mystic Bla  Conj/Tloc      0%         2d3       100%        4
 Olgreb's Toxic Radiance  Pois           0%         N/A       100%        4
 Lee's Rapid Deconstruct  Erth           0%         3d5*      100%        5
 Summon Small Mammal      Summ           Unusable   N/A       N/A         1
 Call Imp                 Summ           Unusable   N/A       N/A         2
 Death Channel            Necr           Unusable   N/A       N/A         6

Dungeon Overview and Level Annotations

Branches:
Dungeon (7/15)             Temple (1/1) D:6

Altars:
Ashenzari
Cheibriados
Elyvilon
Fedhas
Gozag
Hepliaklqana
Makhleb
Nemelex Xobeh
Okawaru
Qazlal
Ru
Sif Muna
Trog
Uskayaw
Vehumet
Xom
Yredelemnul
Zin
The Shining One

Shops:
D:5 (

Annotations:
D:3 3 runed translucent doors, LustLizard's ghost, amateur HOFE


Innate Abilities, Weirdness & Mutations

You have a pair of horns on your head.
You reflexively headbutt those who attack you in melee.
You are partially covered in large bone plates. (SH +4)
You possess an exceptional clarity of mind.
Armour fits poorly on your strangely shaped body.
You are strong-willed. (Will+)


Message History

You see here a +0 spear.
Things that are here:
a +0 club; a gnoll corpse You see here a +0 spear.
Things that are here:
a +0 club; a gnoll corpse You see here a +0 spear.
Things that are here:
a +4 flail; a gnoll corpse
N - a +4 flail
Found 15 gold pieces.
You start resting.
HP restored.
Found a purple potion.
You now have 372 gold pieces (gained 15).
J - 3 purple potions (gained 1)
Found a long sword.
You see here a +0 long sword.
An ogre comes into view. It is wielding a +0 giant club.
The ogre shouts!
You hear an angry buzzing noise.
A hornet comes into view.
Found 15 gold pieces.
The hornet buzzes angrily.
A wyvern comes into view.
The hornet attacks as you move away! The hornet misses you.
The hornet stings you!
You are poisoned.
You suddenly lose the ability to move!
The hornet stings you!
You feel sick. The hornet stings you!
You feel sick. The hornet stings you.
The ogre hits you with a +0 giant club!!
* * * LOW HITPOINT WARNING * * *
The hornet stings you.
* * * LOW HITPOINT WARNING * * *
You feel yourself slow down.
You can move again.
You feel sick. You block the hornet's attack.
The ogre attacks as you move away!
The ogre hits you with a +0 giant club!!
You die...

#.#y# #.....#
#.#O###.#.#.#
#...........####.
###.###..........
#.....#.#######
#####......#
#..†)).# #..yO#.#
##.#@#.# #..<..#
###†#.# #.#.#
....# #.### #.#
#.# #..


You could see a hornet and an ogre.

Vanquished Creatures
  Pikel (D:3)
  Sigmund (D:4)
  Menkaure (D:4)
  A water moccasin (D:6)
  An ice beast (D:6)
  An orc warrior (D:6)
  4 lemures
  A gnoll sergeant (D:5)
  2 scorpions (D:5)
  A howler monkey (D:6)
  3 hounds
  A gnoll bouda (D:7)
  2 orc priests
  Crazy Yiuf (D:2)
  Jessica (D:3)
  2 iguanas
  An orc wizard (D:4)
  Terence (D:3)
  10 adders
  8 gnolls
  A river rat (D:4)
  2 white imps
  An ufetubus (D:4)
  3 dart slugs
  3 worms
  11 orcs
  3 bats
  6 endoplasms
  6 giant cockroaches
  3 hobgoblins
  5 kobolds (D:1)
  8 quokkas
  8 ball pythons
  6 frilled lizards
  2 goblins (D:1)
  6 rats
118 creatures vanquished.

Vanquished Creatures (others)
  2 fungi (D:3)
  A plant (D:3)
3 creatures vanquished.

Grand Total: 121 creatures vanquished

Notes
Turn   | Place    | Note
-------+----------+-------------------------------------------
     0 | D:1      | snek11 the Minotaur Fighter began the quest for the Orb.
     0 | D:1      | Reached XP level 1. HP: 19/19 MP: 0/0
   503 | D:1      | Reached XP level 2. HP: 27/27 MP: 1/1
   816 | D:1      | Found a faded altar of an unknown god.
   828 | D:1      | Found a faded altar of an unknown god.
   835 | D:1      | Reached skill level 4 in Armour
  1385 | D:2      | Found a runed translucent door.
  1386 | D:2      | Noticed Crazy Yiuf
  1431 | D:2      | Reached XP level 3. HP: 33/33 MP: 2/2
  2382 | D:2      | Killed Crazy Yiuf
  2383 | D:2      | Reached XP level 4. HP: 38/41 MP: 3/3
  2664 | D:3      | Found a shimmering blue altar of Sif Muna.
  2719 | D:3      | Noticed Jessica
  2727 | D:3      | Killed Jessica
  2728 | D:3      | Reached skill level 1 in Polearms
  2980 | D:3      | Noticed Terence
  2992 | D:3      | Killed Terence
  2993 | D:3      | Reached XP level 5. HP: 18/47 MP: 4/4
  3521 | D:3      | Found a runed translucent gate.
  3521 | D:3      | Found a runed translucent gate.
  3521 | D:3      | Found a runed translucent gate.
  3524 | D:3      | Noticed LustLizard's ghost (amateur HOFE)
  3688 | D:4      | Noticed Sigmund
  3909 | D:4      | Reached skill level 1 in Staves
  3965 | D:4      | Noticed a lemure
  3966 | D:4      | Noticed a lemure
  3966 | D:4      | Noticed Pikel
  4022 | D:4      | Noticed a lemure
  4053 | D:4      | Noticed a lemure
  4197 | D:3      | Killed a lemure
  4239 | D:4      | Killed a lemure
  4243 | D:3      | Killed a lemure
  4260 | D:3      | Killed a lemure
  4818 | D:3      | Killed Pikel
  4819 | D:3      | Reached skill level 5 in Fighting
  4819 | D:3      | Reached skill level 5 in Armour
  4819 | D:3      | Reached skill level 1 in Dodging
  4819 | D:3      | Reached skill level 1 in Stealth
  4819 | D:3      | Reached XP level 6. HP: 22/56 MP: 5/5
  4819 | D:3      | Reached XP level 7. HP: 24/61 MP: 6/6
  5310 | D:4      | Killed Sigmund
  5311 | D:4      | Reached skill level 6 in Armour
  5397 | D:4      | Reached skill level 5 in Staves
  5443 | D:4      | Noticed Menkaure
  5705 | D:4      | Killed Menkaure
  5706 | D:4      | Reached XP level 8. HP: 14/69 MP: 7/7
  6132 | D:5      | Entered Level 5 of the Dungeon
  6464 | D:4      | Gained mutation: You are strong-willed. (Will+) [potion of
                  | mutation]
  6464 | D:4      | Gained mutation: Armour fits poorly on your strangely
                  | shaped body. [potion of mutation]
  6464 | D:4      | Gained mutation: You are partially covered in large bone
                  | plates. (SH +4) [potion of mutation]
  6464 | D:4      | Gained mutation: You possess an exceptional clarity of
                  | mind. [potion of mutation]
  7146 | D:5      | Found Ginoforr's Weapon Shoppe.
  7554 | D:5      | Reached skill level 5 in Polearms
  7853 | D:6      | Reached skill level 7 in Armour
  8190 | D:6      | Reached skill level 5 in Shields
  8774 | D:6      | Found a staircase to the Ecumenical Temple.
  8799 | Temple   | Entered the Ecumenical Temple
  8986 | Temple   | Became a worshipper of Warmaster Okawaru
  9338 | D:7      | Noticed a hornet
  9365 | D:7      | Paralysed by a hornet for 3 turns
  9369 | D:7      | Demolished by an ogre

Illustrated notes

Levels and vault maps discovered:
D:1:      saegor_arrival_under_anarchy, layout_loops_corners,
          hellmonk_ecumenical_altar_the_god_not_taken
D:2:      layout_basic, moated_statue, uniq_crazy_yiuf_cottage
D:3:      layout_rooms, mainiacjoe_overflow_tiny_flanked,
          gammafunk_ghost_nasty_kobolds, uniq_terence, uniq_jessica
D:4:      layout_rooms, portal_sewer_entry_a, uniq_menkaure, uniq_sigmund,
          uniq_pikel
D:5:      layout_cave_pools, serial_shops, shop
D:6:      layout_loops_ring, minmay_temple_entry_nine_rooms, kennysheep_doodads,
          serial_bayou_pond_d
D:7:      layout_loops_ring, grunt_ministairs_13
Temple:   compressed_dpeg_circular_temple

Skill      XL: |  1  2  3  4  5  6  7  8 |
---------------+-------------------------+-----
Shields        | 4 5 |  5.2
Fighting       | 4 5 6 |  6.1
Armour         | 4 5 6 7 |  7.6
Axes           | 3 |  3.5
Polearms       | 1 3 4 6 |  6.0
Staves         | 4 5 6 |  6.8
Dodging        | 1 2 |  2.2
Stealth        | 1 |  1.2
Throwing       | |  0.1

Action                   |  1- 3 |  4- 6 |  7- 9 || total
-------------------------+-------+-------+-------++-------
Melee: War axe           |    86 |       |       ||    86
       Headbutt          |    11 |     6 |    25 ||    42
       Quarterstaff      |       |    59 |   121 ||   180
Throw: Dart              |       |       |     2 ||     2
Evoke: Wand              |       |       |     2 ||     2
  Use: Potion            |     1 |       |     2 ||     3
       Scroll            |       |       |     8 ||     8
Armor: Scale mail        |    38 |    17 |    24 ||    79
Dodge: Dodged            |    34 |    36 |    71 ||   141
Block: Buckler           |    11 |       |       ||    11
       Other             |       |    17 |    52 ||    69
       Reflection        |       |     1 |     6 ||     7
